 Dungeon Crawl Stone Soup version 0.31-a0-182-gc5ef74bbde (webtiles) character file.

Game seed: 7445531510850304625

54 qw the Chopper (level 3, -1/23 HPs)
             Began as a Gargoyle Fighter on June 20, 2023.
             Slain by Grinder (6 damage)
             ... on level 3 of the Dungeon.
             The game lasted 00:00:30 (1342 turns).

qw the Chopper (Gargoyle Fighter)                   Turns: 1342, Time: 00:00:31

Health: -1/23      AC: 11    Str: 21    XL:     3   Next: 91%
Magic:  3/3        EV:  9    Int:  8    God:
Gold:   87         SH:  4    Dex:  9    Spells: 2/2 levels left

rFire   . . .        Y - +0 war axe
rCold   . . .        c - +0 buckler
rNeg    + . .        b - +0 scale mail
rPois   inf          g - +0 helmet
rElec   +            (no cloak)
rCorr   .            (no gloves)
SInv    .            (no boots)
Will    .....        (no amulet) Stlth
                     (no ring)
HPRegen 0.23/turn    (no ring)
MPRegen 0.08/turn

%: no passive effects
@: no status effects
A: sickness immunity, AC +3, negative energy resistance 1, electricity
resistance, torment resistance 1, petrification resistance
a: no special abilities


You were on level 3 of the Dungeon.
You visited 1 branch of the dungeon, and saw 4 of its levels.

You collected 87 gold pieces.


Innate Abilities, Weirdness & Mutations

You are immune to sickness and miasma.
Your stone body is resilient. (AC +3)
You are immune to poison.
You resist negative energy. (rN+)
You are resistant to electric shocks. (rElec)
You are resistant to unholy torment.
You are immune to petrification.


   Skills:
 - Level 3.2 Fighting
 + Level 3.7 Axes
 - Level 3.2 Armour
 - Level 3.2 Shields


You had 2 spell levels left.
You didn't know any spells.
Your spell library was empty.

Inventory:

Hand Weapons
 e - a +0 flail
 Y - a +0 war axe (weapon)
Armour
 b - a +0 scale mail (worn)
 c - a +0 buckler (worn)
 g - a +0 helmet (worn)
 j - a +0 pair of gloves
Jewellery
 f - a ring of ice
Scrolls
 k - a scroll of identify
Potions
 a - a potion of curing {unknown}
 d - a potion of might
 h - a potion of cancellation {unknown}
 i - a potion of ambrosia {unknown}

Dungeon Overview and Level Annotations

Branches:
Dungeon (4/15)
 Temple: D:4-7

Altars:

Shops:
D:4 (

Annotations:
D:3 Grinder


Message History

Grinder shouts!
Enter note:
Enter note: A quokka comes into view.
Enter note: Grinder hits you.
Enter note: You hit Grinder but do no damage.
Grinder says, "Mostly I couldn't keep them alive."
Grinder barely misses you.
You hit Grinder but do no damage. You barely miss the quokka.
You block the quokka's attack.
Grinder blinks!
You block the quokka's attack.
You slash the quokka!
You kill the quokka!
The quokka barely misses you. The quokka bites you.
You slash the quokka!
You kill the quokka!
Grinder misses you.
You slash Grinder!
Grinder is moderately wounded.
Grinder says, "Mostly I couldn't keep them alive."
Grinder barely misses you.
You closely miss Grinder.
Grinder is moderately wounded.
Grinder hits you but does no damage. Grinder hits you.
You writhe in agony.
You hit Grinder but do no damage.
Grinder is moderately wounded.
Grinder hits you but does no damage.
You slash Grinder!
Grinder is heavily wounded.
Grinder says, "I used to sell toenails on the black market."
Grinder gestures at you. Pain shoots through your body!
Grinder barely misses you.
You closely miss Grinder.
Grinder is heavily wounded.
Grinder hits you but does no damage.
You closely miss Grinder.
Grinder is heavily wounded.
Grinder hits you.
You die...

#............... .......
#.......#'###### .......
#...~~~.#'#####. .......
###~~~.~......~P .......
#P~~)PP......~ .......
#P~P~P~......~ .......
##.P7~P......~
.......#####P~~~~P....~~
......5@..%...P~~P.PP~~7
....###......P.7~P..PP77
. +......#PP7PPPP~7
#......#~~~77P7~~~
##.######P~~~777~P #.#
#~.~77 PP #.# ...~~7 #..
)PP~~ ##. .~~P~P


You could see Grinder.

Vanquished Creatures
  Robin (D:2)
  A gnoll (D:1)
  2 endoplasms
  13 goblins
  A hobgoblin (D:2)
  2 jackals (D:3)
  2 quokkas (D:3)
  3 bats
  A frilled lizard (D:3)
  3 kobolds
  A rat (D:1)
30 creatures vanquished.

Notes
Turn   | Place    | Note
-------+----------+-------------------------------------------
     0 | D:1      | qw the Gargoyle Fighter began the quest for the Orb.
     0 | D:1      | Reached XP level 1. HP: 14/14 MP: 1/1
     0 | D:1      | 0 ||| qw: Version: 0.3-a-9-g12657ce
     0 | D:1      | 0 ||| qw: Game counter: 1207
     0 | D:1      | 0 ||| qw: Always use a shield: true
     0 | D:1      | 0 ||| qw: God list: Okawaru
     0 | D:1      | 0 ||| qw: Allow faded altars: false
     0 | D:1      | 0 ||| qw: Do Orc after D:15 true
     0 | D:1      | 0 ||| qw: Do second Lair branch before Depths: true
     0 | D:1      | 0 ||| qw: Lair rune preference: random
     0 | D:1      | 0 ||| qw: Plans: Normal, Zot:1-4, Slime:5, God:TSO, Crypt,
                  | Tomb, Abyss, Pan, Hells, Win
     0 | D:1      | 0 ||| PLANNING D:1-11
   362 | D:1      | Reached XP level 2. HP: 16/19 MP: 2/2
   831 | D:1      | 831 ||| READING scroll labelled JOETUHA DACY.
   841 | D:1      | 841 ||| READING scroll labelled AFRURCHEZAZ.
   842 | D:1      | 842 ||| READING scroll labelled ZYQYDI FALYSMAAJUD.
   943 | D:1      | 943 ||| READING scroll labelled JOWADA NUTO.
   983 | D:2      | Noticed Robin
   984 | D:2      | 984 ||| Stepping ~*~*~tactically~*~*~ (hiding).
   990 | D:2      | Reached skill level 3 in Axes
   996 | D:2      | Reached XP level 3. HP: 13/23 MP: 3/3
  1010 | D:2      | Killed Robin
  1010 | D:2      | HP: 3/23 [goblin/+0 dagger[Robin] (3)]
  1151 | D:2      | You fall into a shaft and drop 2 floors!
  1159 | D:4      | Found Zecao's Antique Weapon Emporium.
  1176 | D:4      | 1176 ||| UPGRADING to +0 helmet.
  1325 | D:3      | Noticed Grinder
  1340 | D:3      | HP: 5/23 [Grinder/nerve-wracking pain (7)]
  1342 | D:3      | Slain by Grinder

Levels and vault maps discovered:
D:1:      lightli_arrival_statue_moat, layout_basic, serial_forest,
          infiniplex_forest_lined_3, infiniplex_forest_lined_ring,
          infiniplex_forest_corner_1, infiniplex_forest_join,
          infiniplex_forest_clump_double, infiniplex_forest_straight_4,
          infiniplex_forest_lined_1
D:2:      layout_basic, kennysheep_another_room, uniq_robin
D:3:      cheibrodos_helix_gallery, layout_basic, nicolae_tso_carved_into_rock,
          nicolae_overflow_hidden_temple, serial_bayou_lagoon_a, uniq_grinder
D:4:      layout_loops_cross, serial_shops, nicolae_shop_advertising_works
          [nicolae_subvault_shop_adworks], serial_bayou_crossing

Skill      XL: |  1  2 |
---------------+-------+-----
Axes           | 2 3 |  3.7
Fighting       | |  3.2
Armour         | |  3.2
Shields        | |  3.2

Action                     || total
---------------------------++-------
  Melee: War axe           ||    89
    Use: Scroll            ||     4
 Armour: Scale mail        ||    44
  Dodge: Dodged            ||    43
  Block: Buckler           ||    23

Table legend:
 A = Non-vault XP
 B = Vault XP
 C = Vault XP percentage of total XP
 D = Non-vault monster count
 E = Vault monster count
 F = Vault count percentage of total count
                 A         B        C        D         E       F
            +---------+---------+-------+---------+---------+-------
      Total |      41 |      37 |  47.4 |      17 |      13 |  43.3
            +---------+---------+-------+---------+---------+-------
        D:1 |      26 |       0 |   0.0 |       9 |       0 |   0.0
        D:2 |       2 |      37 |  94.9 |       1 |      13 |  92.9
        D:3 |      13 |       0 |   0.0 |       7 |       0 |   0.0
            +---------+---------+-------+---------+---------+-------
